Unix NetHack Version 3.7.0-97 Work-in-progress - last build Feb 8 2024 15:05:57 (6d6cdf8371b60126770a3d7b88910941cb14a054,branch:master). Game began 2024-02-22 13:07:08, ended 2024-02-23 08:13:37. elenmirie, neutral female gnomish Archeologist -------------- |............| .............| ###|............| ---------- ######.............| |........| ### ------|-.----- |........| # # |........| # ### ---------- ########-........|### ### |........| ### |.........q# # ------- |.........## ----------# # |>....| |........| q -----.---.--- ####.....0| |........-############[#######d@ |...........|######### |.....| ---------- ############# |...........-# |....u| ########...)........| |.....| |...........| |.....| |...........| ------- |.........<.| ------------- Elenmirie the Field Worker St:11 Dx:11 Co:11 In:19 Wi:16 Ch:9 Neutral Dlvl:5 $:1295 HP:0(27) Pw:14(14) AC:9 Xp:3/46 T:2169 Latest messages: Yermak misses the rock piercer. You lash the rock piercer. Yermak misses the rock piercer. Yermak bites the rock piercer. The rock piercer is killed! You see here a rock piercer corpse. Yermak eats a rock piercer corpse. Click! You trigger a rolling boulder trap! Fortunately for you, no boulder was released. Restoring save file... Hello elenmirie, the gnomish Archeologist, welcome back to NetHack! You are lucky! Full moon tonight. What do you want to use or apply? [ae-gilt-x or ?*] w You put a scroll labeled ELAM EBOW into the sack. You put a scroll labeled PHOL ENDE WODAN into the sack. You put an unlabeled scroll into the sack. You put a spellbook of magic missile into the sack. You put a clear potion into the sack. You put a pink potion into the sack. You see here a statue of a pony. You see here a burnt mummy wrapping. You swap places with Yermak. You miss the rothe. The rothe hits! The rothe bites! The rothe bites again! Yermak misses the rothe. You miss the rothe. The rothe hits! The rothe just misses! The rothe bites! Yermak misses the rothe. Yermak misses the rothe. You lash the rothe. The rothe hits! The rothe bites! The rothe bites again! Yermak bites the rothe. The rothe misses Yermak. The rothe misses Yermak. The rothe bites Yermak. You lash the rothe. Yermak misses the rothe. Yermak misses the rothe. You lash the rothe. The rothe hits! You die... Do you want your possessions identified? [ynq] (y) y Do you want to see your attributes? [ynq] (y) y Do you want an account of creatures vanquished? [ynaq] (y) y Do you want to see your conduct and achievements? [ynq] (y) y Do you want to see the dungeon overview? [ynq] (y) y Inventory: Coins $ - 1295 gold pieces Weapons a - a blessed burnt +2 bullwhip (weapon in right hand) Armor c - an uncursed +0 fedora (being worn) b - an uncursed +0 leather jacket (being worn) Comestibles d - 3 uncursed food rations A - an uncursed tripe ration Rings k - a cursed ring of aggravate monster Wands v - an uncursed wand of cancellation (0:4) u - an uncursed wand of striking (0:7) l - an uncursed wand of teleportation (0:7) Tools w - an uncursed sack containing 8 items x - an uncursed blindfold i - an uncursed magic marker (0:21) e - an uncursed +0 pick-axe (alternate weapon; not wielded) f - an uncursed tinning kit (0:73) Gems/Stones o - an uncursed amethyst stone B - an uncursed jet stone g - an uncursed touchstone Contents of the sack: an uncursed scroll of blank paper a blessed scroll of enchant armor an uncursed scroll of enchant weapon an uncursed spellbook of magic missile 2 blessed potions of healing a blessed potion of polymorph a cursed potion of restore ability an uncursed potion of water Elenmirie the Archeologist's attributes: Background: You were a Field Worker, a level 3 female gnomish Archeologist. You were neutral, nominally on a mission for Camaxtli who was opposed by Quetzalcoatl (lawful) and Huhetotl (chaotic). You were right-handed. You were in the Dungeons of Doom, on level 5. You entered the dungeon 2169 turns ago. There was a full moon in effect when your adventure ended. You had 46 experience points, 34 more were needed to attain level 4. Basics: You had 0 out of 27 hit points. You had all 14 energy points (spell power). Your armor class was 9. Your wallet contained 1295 zorkmids. Autopickup was on for '$' plus thrown. Final Characteristics: Your strength was 11 (limit:18/50). Your dexterity was 11 (limit:18). Your constitution was 11 (limit:18). Your intelligence was 19 (limit:19). Your wisdom was 16 (limit:18). Your charisma was 9 (limit:18). Final Status: You weren't hungry. You were unencumbered. You were wielding a whip. You had basic skill with whip. Final Attributes: You were fervently aligned. You had automatic searching. You had infravision. You were lucky. You are dead. Miscellaneous: You never encountered a bones level. Total elapsed playing time was 46 minutes and 16 seconds. Major events: Turn 1: elenmirie the neutral female gnomish Archeologist entered the dungeon 1615: entered the Gnomish Mines 1694: attained the rank of Field Worker (level 3) 2169: killed by a rothe Vanquished creatures: a rock piercer a shrieker a kobold mummy a wererat an acid blob a large kobold a giant rat a green mold a red mold a gecko 6 jackals a fox 2 goblins 7 grid bugs 4 lichens 3 newts 33 creatures vanquished. No species were genocided or became extinct. Voluntary challenges: You were an atheist. You read items or engraved 1 time. You never engraved Elbereth. You never genocided any monsters. You never polymorphed an object. You never changed form. You used no wishes. Achievements: You entered the Gnomish Mines. You attained the rank of Field Worker. The Dungeons of Doom: levels 1 to 5 Level 1: Level 2: Level 3: A fountain. Level 4: A sink. Stairs down to The Gnomish Mines. Level 5: <- You were here. Final resting place for you, killed by a rothe. The Gnomish Mines: Level 5: Game over: ---------- / \ / REST \ / IN \ / PEACE \ / \ | elenmirie | | 1295 Au | | killed by a | | rothe | | | | | | 2024 | *| * * * | * _________)/\\_//(\/(/\)/\//\/|_)_______ Goodbye elenmirie the Archeologist... You died in The Dungeons of Doom on dungeon level 5 with 1550 points, and 1295 pieces of gold, after 2169 moves. You were level 3 with a maximum of 27 hit points when you died.